 Dungeon Crawl Stone Soup version 0.25.0 (webtiles) character file.

Game seed: 13141486176377609371

14660 Angani the Martial Artist (level 11, -6/74 HPs)
             Began as a Demonspawn Venom Mage on June 12, 2020.
             Was an Elder of Fedhas.
             Engulfed by a cloud of flame (8 damage)
             ... in a volcano.
             The game lasted 01:01:46 (15083 turns).

Angani the Martial Artist (Demonspawn Venom Mage)  Turns: 15083, Time: 01:01:47

Health: -6/74      AC: 10    Str:  9    XL:     11   Next: 91%
Magic:  21/22      EV: 17    Int: 20    God:    Fedhas [****..]
Gold:   647        SH:  0    Dex: 19    Spells: 2/24 levels left

rFire    + . .     SeeInvis +     - Unarmed
rCold    + . .     Gourm    .   (no shield)
rNeg     + . .     Faith    .   t - +0 troll leather armour
rPois    .         Spirit   .   (helmet unavailable)
rElec    .         Reflect  .   v - +2 cloak
rCorr    .         Harm     .   J - +0 pair of gloves
MR       .....                  (no boots)
Stlth    +++.......             l - amulet of regeneration
HPRegen  1.02/turn              m - ring of positive energy
MPRegen  0.18/turn              r - +6 ring of dexterity

@: mighty, agile
A: horns 3, molten scales 1, see invisible, cold resistance 1, fire resistance
1, nightstalker 1, powered by pain 2
a: Wall of Briars, Grow Ballistomycete, Overgrow, Renounce Religion


You were in a volcano.
You worshipped Fedhas.
Fedhas was greatly pleased with you.
You were not hungry.

You visited 3 branches of the dungeon, and saw 13 of its levels.
You also visited: Volcano.

You collected 647 gold pieces.

Inventory:

Missiles
 p - 6 curare-tipped darts (quivered)
 u - 6 throwing nets
 C - 5 silver boomerangs
Armour
 t - a +0 troll leather armour (worn)
 v - a +2 cloak (worn)
 J - a +0 pair of gloves (worn)
Jewellery
 f - an uncursed ring of stealth
 i - an uncursed ring of protection from fire {unknown}
 l - an amulet of regeneration (around neck)
 m - a ring of positive energy (left hand)
 r - a +6 ring of dexterity (right hand)
 y - a +6 ring of strength
 D - an uncursed ring of positive energy
Wands
 j - a wand of iceblast (25)
 G - a wand of clouds (4)
Scrolls
 b - 9 scrolls of teleportation
 d - a scroll of enchant weapon
 q - 3 scrolls of remove curse
 s - 3 scrolls of amnesia
 w - a scroll of identify
 B - a scroll of enchant armour
 F - 2 scrolls of random uselessness {unknown}
 H - a scroll of fear {unknown}
Potions
 e - a potion of resistance
 h - 5 potions of curing
 k - 2 potions of stabbing
 n - 3 potions of magic
 o - 3 potions of brilliance
 x - a potion of invisibility
 z - a potion of flight
Miscellaneous
 a - a phantom mirror
Comestibles
 c - 22 rations
 A - 3 chunks of flesh


   Skills:
 - Level 2.9 Fighting
 - Level 1.7 Dodging
 - Level 1.7 Stealth
 - Level 11.2 Unarmed Combat
 + Level 7.3 Spellcasting
 - Level 10.0 Transmutations
 - Level 1.1 Fire Magic
 - Level 3.0 Air Magic
 - Level 5.8 Poison Magic


You had 2 spell levels left.
You knew the following spells:

 Your Spells              Type           Power        Failure   Level  Hunger
a - Sting                 Tmut/Pois      ####         1%          1    None
b - Poisonous Vapours     Pois/Air       ####..       3%          2    None
c - Ignite Poison         Fire/Tmut/Pois ####....     3%          3    #......
d - Olgreb's Toxic Radia  Pois           ####....     12%         4    ###....
e - Spider Form           Tmut/Pois      #####.....   1%          3    #......
f - Blade Hands           Tmut           #####.....   6%          5    #####..
g - Ice Form              Ice/Tmut       ####....     16%         4    ###....

Your spell library contained the following spells:

 Spells                   Type           Power        Failure   Level  Hunger
 Beastly Appendage        Tmut           #####.       1%          1    None
 Sticks to Snakes         Tmut           #####...     1%          2    None
 Animate Skeleton         Necr           N/A          13%         1    None
 Apportation              Tloc           #.....       13%         1    None
 Corona                   Hex            #......      13%         1    None
 Freeze                   Ice            #...         13%         1    None
 Magic Dart               Conj           #...         13%         1    None
 Pain                     Necr           #...         13%         1    None
 Summon Small Mammal      Summ           #...         13%         1    None
 Searing Ray              Conj           #.....       19%         2    None
 Mephitic Cloud           Conj/Pois/Air  ###.....     12%         3    #......
 Dazzling Flash           Conj/Hex       #.....       36%         3    #......
 Frozen Ramparts          Ice            #.....       36%         3    #......
 Ozocubu's Armour         Chrm/Ice       #.......     36%         3    #......
 Vampiric Draining        Necr           #.........   36%         3    #......
 Animate Dead             Necr           N/A          77%         4    ###....
 Fulminant Prism          Conj/Hex       #.........   77%         4    ###....
 Hailstorm                Conj/Ice       #.......     77%         4    ###....
 Iskenderun's Mystic Bla  Conj/Tloc      #.......     77%         4    ###....
 Summon Ice Beast         Ice/Summ       #.......     77%         4    ###....
 Agony                    Necr           #.......     98%         5    #####..


Dungeon Overview and Level Annotations

Branches:
Dungeon (11/15)            Temple (1/1) D:7            Lair (1/6) D:11
    Orc (0/2) D:9         Volcano (1/1)

Altars:
Ashenzari
Dithmenos
Elyvilon
Fedhas
Gozag
Kikubaaqudgha
Makhleb
Nemelex Xobeh
Okawaru
Qazlal
Ru
Sif Muna
Trog
Uskayaw
Vehumet
Wu Jian
Zin
The Shining One

Shops:
D:10 [

Annotations:
D:5 2 transporters
D:6 Maggie
D:9 2 transporters, exclusion: obsidian statue, miscthings's ghost, novice GrMo


Innate Abilities, Weirdness & Mutations

You have a pair of large horns on your head.
You are partially covered in molten scales. (AC +2)
You are slightly more attuned to the shadows.
You sometimes gain power by taking damage.
You have supernaturally acute eyesight. (SInv)
Your flesh is cold resistant. (rC+)
Your flesh is heat resistant. (rF+)


Message History

The arrow burns you.
* * * LOW HITPOINT WARNING * * *
Unknown command.
The air gets thick with the scent of sulphur.
The centaur warrior is engulfed in blazing flames.
The centaur warrior shoots an arrow.
The arrow misses you.
You see here 2 arrows.
The centaur warrior is engulfed in blazing flames.
The centaur warrior shoots an arrow.
The arrow hits you!
* * * LOW HITPOINT WARNING * * *
The arrow burns you.
* * * LOW HITPOINT WARNING * * *
You see here an arrow.
Fedhas accepts your kill.
Your Spellcasting skill increases to level 7!
You feel a bit more experienced.
In the distance, the volcano erupts with a roar.
You are engulfed in blazing flames.
You resist.
You die...
Fedhas appreciates your contribution to the ecosystem.

#.c≈..#
#8☼§§8#
+○☼§☼○+
+○○☼§☼+
#8☼☼○8#
☼###○○☼☼☼###§
§§○○☼☼°☼☼≈≈≈§
○☼§○8○○○8≈≈≈§
○§○☼☼☼@☼☼§≈##
#§§○○☼☼°○≈§#
#§§☼8☼☼○8§##
####☼☼○○.##
#○°○☼☼#
#8○○○8#
#○....#
#.....#
#8...8#


There were no monsters in sight!

Vanquished Creatures
  A hydra (Lair:1)
  Harold (D:7)
  A centaur warrior (Volcano)
  2 two-headed ogres
  3 skeletal warriors (D:11)
  A deep elf mage (D:9)
  An ugly thing (D:11)
  A cyclops (D:9)
  A spiny frog (Lair:1)
  A komodo dragon (Lair:1)
  A troll (D:11)
  2 hippogriffs
  Sigmund (D:3)
  3 yaks (D:10)
  2 steam dragons (D:7)
  Menkaure (D:7)
  16 water moccasins
  2 porcupines
  2 ice beasts
  A sky beast (D:11)
  3 orc warriors
  A phantom (D:8)
  An ogre (D:7)
  9 centaurs
  A crocodile (D:11)
  A big kobold (D:11)
  7 bullfrogs
  A gnoll sergeant (D:10)
  6 scorpions
  6 killer bees (D:11)
  4 wights (D:6)
  2 howler monkeys
  6 electric eels
  4 crimson imps
  A bullfrog zombie (D:8)
  3 jellies
  3 hounds
  Crazy Yiuf (D:7)
  3 bullfrog skeletons
  3 orc wizards
  A centaur skeleton (D:10)
  3 iguanas
  9 orc priests
  Ijyb (D:3)
  5 worker ants
  A hound zombie (D:9)
  A hound skeleton (D:5)
  A worker ant zombie (D:10)
  3 gnolls (D:10)
  A howler monkey zombie (D:6)
  A howler monkey skeleton (D:5)
  23 adders
  An ooze (D:2)
  An adder zombie (D:2)
  4 adder skeletons
  4 worms
  2 dart slugs
  4 leopard geckos
  33 orcs
  7 bats
  9 giant cockroaches
  4 goblins
  10 hobgoblins
  15 jackals
  2 quokkas (D:3)
  2 ball pythons
  6 frilled lizards
  A jackal skeleton (D:4)
  11 kobolds
  A leopard gecko skeleton (D:6)
  A leopard gecko zombie (D:8)
  4 rats
282 creatures vanquished.

Vanquished Creatures (others)
  9 fungi
  14 plants (D:11)
23 creatures vanquished.

Grand Total: 305 creatures vanquished

Notes
Turn   | Place    | Note
-------+----------+-------------------------------------------
     0 | D:1      | Angani the Demonspawn Venom Mage began the quest for the
                  | Orb.
     0 | D:1      | Reached XP level 1. HP: 13/13 MP: 3/3
   356 | D:1      | Gained mutation: You are slightly more attuned to the
                  | shadows. [demonic ancestry]
   356 | D:1      | Reached XP level 2. HP: 19/19 MP: 1/5
   458 | D:1      | Learned a level 2 spell: Poisonous Vapours
  1613 | D:2      | Noticed a bullfrog
  1708 | D:2      | Reached XP level 3. HP: 24/24 MP: 3/6
  1885 | D:2      | Found an ornate altar of the Wu Jian Council.
  2014 | D:2      | Reached skill level 1 in Air Magic
  2071 | D:2      | Killed a bullfrog
  2071 | D:2      | Gained mutation: You have a pair of small horns on your
                  | head. [demonic ancestry]
  2071 | D:2      | Reached XP level 4. HP: 17/30 MP: 2/8
  2329 | D:2      | Gained mutation: You sometimes gain a little power by
                  | taking damage. [demonic ancestry]
  2329 | D:2      | Reached XP level 5. HP: 35/35 MP: 6/9
  2721 | D:3      | Noticed Ijyb
  2721 | D:3      | Paralysed by Ijyb for 2 turns
  2727 | D:3      | Killed Ijyb
  2730 | D:3      | Noticed Sigmund
  3031 | D:3      | Killed Sigmund
  3031 | D:3      | Reached XP level 6. HP: 23/41 MP: 1/12
  3486 | D:3      | Learned a level 3 spell: Ignite Poison
  3491 | D:3      | Learned a level 4 spell: Olgreb's Toxic Radiance
  4258 | D:4      | Reached skill level 5 in Poison Magic
  4363 | D:4      | Gained mutation: Your flesh is heat resistant. (rF+)
                  | [potion of mutation]
  4363 | D:4      | Gained mutation: You have supernaturally acute eyesight.
                  | (SInv) [potion of mutation]
  4363 | D:4      | Gained mutation: Your flesh is cold resistant. (rC+)
                  | [potion of mutation]
  4984 | D:4      | Reached skill level 1 in Fire Magic
  4992 | D:4      | Gained mutation: You have a pair of horns on your head.
                  | [demonic ancestry]
  4992 | D:4      | Reached XP level 7. HP: 38/46 MP: 7/13
  5338 | D:5      | Entered Level 5 of the Dungeon
  5359 | D:5      | Found a transporter.
  5405 | D:5      | Reached skill level 1 in Transmutations
  5436 | D:5      | Found a transporter.
  5637 | D:5      | Reached skill level 5 in Spellcasting
  6366 | D:6      | Found a radiant altar of Vehumet.
  6366 | D:6      | Found an ancient bone altar of Kikubaaqudgha.
  6368 | D:6      | Found a glowing silver altar of Zin.
  6370 | D:6      | Found a blossoming altar of Fedhas.
  6469 | D:6      | Noticed Maggie
  6795 | D:6      | Learned a level 3 spell: Spider Form
  6803 | D:6      | Found a shadowy altar of Dithmenos.
  6830 | D:6      | Reached skill level 1 in Unarmed Combat
  6830 | D:6      | Reached XP level 8. HP: 36/52 MP: 11/16
  6916 | D:6      | Became a worshipper of Fedhas Madash
  6932 | D:6      | Reached skill level 2 in Unarmed Combat
  7076 | D:6      | Reached skill level 3 in Unarmed Combat
  7393 | D:6      | Reached skill level 4 in Unarmed Combat
  7475 | D:6      | Found a glowing golden altar of the Shining One.
  7479 | D:6      | Found a white marble altar of Elyvilon.
  7660 | D:6      | Reached * piety under Fedhas
  7660 | D:6      | Reached skill level 5 in Unarmed Combat
  7972 | D:7      | Found a staircase to the Ecumenical Temple.
  7984 | Temple   | Entered the Ecumenical Temple
  8106 | D:7      | Reached skill level 6 in Unarmed Combat
  8465 | D:7      | Found a runed translucent door.
  8466 | D:7      | Noticed Crazy Yiuf
  8472 | D:7      | Killed Crazy Yiuf
  8568 | D:7      | Gained mutation: You have a pair of large horns on your
                  | head. [demonic ancestry]
  8568 | D:7      | Reached XP level 9. HP: 55/57 MP: 9/17
  8743 | D:7      | Got an ichor-stained ring mail
  8744 | D:7      | Identified the +0 ring mail of the Mackerel {*Slow Regen+
                  | Int+9} (You found it on level 7 of the Dungeon)
  8767 | D:7      | Noticed Menkaure
  8777 | D:7      | Killed Menkaure
  8777 | D:7      | Reached skill level 7 in Unarmed Combat
  8835 | D:7      | Noticed Harold
  8846 | D:7      | Killed Harold
  8846 | D:7      | Reached skill level 8 in Unarmed Combat
  9253 | D:8      | Reached skill level 9 in Unarmed Combat
 10107 | D:9      | Found an iron altar of Okawaru.
 10113 | D:9      | Found a staircase to the Orcish Mines.
 10183 | D:9      | Noticed a two-headed ogre
 10189 | D:9      | Killed a two-headed ogre
 10189 | D:9      | Reached skill level 10 in Unarmed Combat
 10189 | D:9      | Gained mutation: You are partially covered in molten
                  | scales. (AC +2) [demonic ancestry]
 10189 | D:9      | Reached XP level 10. HP: 63/63 MP: 4/18
 10276 | D:9      | Found a transporter.
 10291 | D:9      | Found a transporter.
 10294 | D:9      | Noticed miscthings's ghost (novice GrMo)
 10490 | D:9      | Noticed an obsidian statue
 10542 | D:9      | Reached ** piety under Fedhas
 10673 | D:9      | Found a sacrificial altar of Ru.
 10997 | D:9      | Noticed a deep elf mage
 10997 | D:9      | Noticed a cyclops
 11126 | D:9      | Killed a deep elf mage
 11126 | D:9      | Reached skill level 11 in Unarmed Combat
 11147 | D:9      | Killed a cyclops
 11416 | D:10     | Entered Level 10 of the Dungeon
 11606 | D:10     | Reached skill level 1 in Fighting
 11996 | D:10     | Learned a level 5 spell: Blade Hands
 12254 | D:10     | Reached skill level 5 in Transmutations
 12442 | D:10     | Reached *** piety under Fedhas
 12592 | D:10     | Noticed a two-headed ogre
 12601 | D:10     | Killed a two-headed ogre
 12601 | D:10     | Gained mutation: You sometimes gain power by taking damage.
                  | [demonic ancestry]
 12601 | D:10     | Reached XP level 11. HP: 74/74 MP: 9/19
 12783 | D:10     | Found Uvoopt's Antique Armour Shoppe.
 13232 | D:11     | Noticed a green ugly thing
 13244 | D:11     | Killed a green ugly thing
 13369 | D:11     | Noticed a skeletal warrior
 13405 | D:11     | Killed a skeletal warrior
 13910 | D:11     | Noticed a skeletal warrior
 13911 | D:11     | Noticed a skeletal warrior
 13924 | D:11     | Killed a skeletal warrior
 14055 | D:11     | Noticed a skeletal warrior
 14066 | D:11     | Killed a skeletal warrior
 14222 | D:11     | Reached **** piety under Fedhas
 14709 | D:11     | Found a staircase to the Lair.
 14860 | Lair:1   | Entered Level 1 of the Lair of Beasts
 14895 | Lair:1   | Reached skill level 10 in Transmutations
 14991 | Lair:1   | Noticed a six-headed hydra
 15001 | Lair:1   | Learned a level 4 spell: Ice Form
 15007 | Lair:1   | Found a dark tunnel.
 15018 | Lair:1   | Killed a six-headed hydra
 15053 | Volcano  | Entered a volcano
 15072 | Volcano  | Noticed a centaur warrior
 15081 | Volcano  | HP: 2/74 [centaur warrior/arrow (9)]
 15082 | Volcano  | Killed a centaur warrior
 15083 | Volcano  | Engulfed by a cloud of flame

Illustrated notes

Levels and vault maps discovered:
D:1:      wander_arrival_fairy_ring, layout_loops_corners
D:2:      layout_basic, nicolae_overflow_crystal_walls, minmay_distorted
D:3:      layout_loops_cross, minmay_misc_feat_tower, uniq_sigmund, uniq_ijyb
D:4:      layout_loops_ring
D:5:      gammafunk_steamed_eel, layout_basic, first_ration,
          minmay_quadrilaterals
D:6:      layout_basic, grunt_temple_overflow_open,
          gammafunk_temple_overflow_statue, nrook_pool_corridor,
          minmay_statues_item, uniq_maggie
D:7:      kennysheep_steamy, layout_basic, minmay_temple_entry_sparse_star,
          grunt_ogre_cave, supply_closet_lemuel, uniq_harold,
          uniq_crazy_yiuf_cottage, uniq_menkaure
D:8:      layout_basic
D:9:      layout_loops_corners, nicolae_ru_the_path_less_chosen,
          lemuel_crystal_altar, orc_0_dummy, gammafunk_ghost_stat_death,
          minivault_16, chequers_serial_rivers_micro_a, minmay_bent
D:10:     lemuel_reptile_caves, layout_basic, serial_shops,
          nicolae_shop_behind_doors
D:11:     layout_basic, grunt_lair_entry_orc_guard_hut, serial_bayou_lake_a
Temple:   nicolae_temple_x_marks_the_god
Lair:1:   layout_regular_city, nicolae_volcano_entry_lava_flow
Volcano:  kennysheep_volcano_temple

Skill      XL: |  1  2  3  4  5  6  7  8  9 10 11 |
---------------+----------------------------------+-----
Air Magic      | 1 2 3 |  3.0
Spellcasting   | 3 4 5 7 |  7.3
Poison Magic   | 4 5 |  5.8
Fire Magic     | 1 |  1.1
Transmutations | 2 6 10 | 10.0
Unarmed Combat | 1 6 10 11 | 11.2
Fighting       | 2 |  2.9
Dodging        | |  1.7
Stealth        | |  1.7

Action                   |  1- 3 |  4- 6 |  7- 9 | 10-12 || total
-------------------------+-------+-------+-------+-------++-------
Melee: Club              |    16 |       |       |       ||    16
       Spear             |    43 |   100 |       |       ||   143
       Headbutt          |       |    11 |    22 |    22 ||    55
       Dagger            |       |    10 |    95 |       ||   105
       Unarmed           |       |       |   140 |   201 ||   341
       Short sword       |       |       |    36 |    28 ||    64
       Punch             |       |       |     1 |     5 ||     6
Throw: Dart              |       |       |       |     2 ||     2
 Cast: Sting             |    16 |     2 |       |       ||    18
       Poisonous Vapours |    20 |    69 |    71 |    61 ||   221
       Ignite Poison     |       |     1 |    10 |    16 ||    27
       Spider Form       |       |       |    19 |     6 ||    25
       Olgreb's Toxic Ra |       |       |    10 |    14 ||    24
       Blade Hands       |       |       |       |     9 ||     9
       Ice Form          |       |       |       |     1 ||     1
 Abil: End Transformatio |       |       |       |     2 ||     2
Evoke: Wand              |       |     4 |     4 |     1 ||     9
  Use: Scroll            |       |    10 |     8 |     7 ||    25
       Potion            |       |     1 |     5 |     4 ||    10
 Stab: Sleeping          |       |     3 |     3 |     3 ||     9
       Distracted        |       |       |     1 |       ||     1
  Eat: Chunk             |     4 |     9 |    19 |    15 ||    47
       Ration            |       |     1 |       |     2 ||     3
Armor: Robe              |    18 |    14 |    15 |    31 ||    78
       Skin              |       |       |     9 |    27 ||    36
       Troll leather arm |       |       |       |    14 ||    14
Dodge: Dodged            |    53 |    62 |   183 |   114 ||   412
